 Dungeon Crawl Stone Soup version 0.27-a0-1189-gb8eb6cee8e (console) character file.

Game seed: 2569870897498011714

19 Hector the Ruffian (level 2, -1/29 HPs)
             Began as a Troll Abyssal Knight on May 23, 2021.
             Was a Follower of Qazlal.
             Slain by a thrashing horror (4 damage)
             ... created by the touch of Lugonu
             ... on level 1 of the Dungeon.
             The game lasted 00:02:18 (608 turns).

Hector the Ruffian (Troll Abyssal Knight)            Turns: 608, Time: 00:02:19

Health: -1/29      AC:  4    Str: 19    XL:     2   Next: 55%
Magic:  2/2        EV:  9    Int:  8    God:    Qazlal [*.....]
Gold:   31         SH:  0    Dex:  9    Spells: 1/1 levels left

rFire    . . .     SeeInvis .     - Unarmed
rCold    . . .     Faith    .   (no shield)
rNeg     . . .     Spirit   .   a - +0 robe
rPois    .         Reflect  .   (helmet restricted)
rElec    .         Harm     .   (no cloak)
rCorr    .         Rampage  .   (gloves unavailable)
Will     .....                  (boots unavailable)
Stlth    +.........             (no amulet)
HPRegen  1.09/turn              (no ring)
MPRegen  0.08/turn              (no ring)

@: confused, attractive
A: large, unfitting armour, claws 3, regeneration 1, shaggy fur 1, tough skin 1
a: Renounce Religion


You were on level 1 of the Dungeon.
You worshipped Qazlal.
Qazlal was aware of your devotion.
You visited 1 branch of the dungeon, and saw 1 of its levels.
You visited the Abyss 1 time.

You collected 31 gold pieces.

Inventory:

Missiles
 c - a stone
Armour
 a - a +0 robe (worn)
Scrolls
 b - a scroll of vulnerability {unknown}
 e - 2 scrolls of fear {unknown}
 f - a scroll of teleportation {unknown}


   Skills:
 - Level 2.4 Fighting
 - Level 1.9 Dodging
 + Level 3.2 Unarmed Combat
 - Level 1.5 Invocations


You had one spell level left.
You didn't know any spells.
Your spell library was empty.

Dungeon Overview and Level Annotations

Branches:
Dungeon (1/15)

Altars:
Qazlal

Shops:
D:1 *


Innate Abilities, Weirdness & Mutations

You are too large for most types of armour.
You have claws for hands.
Your natural rate of healing is unusually fast.
You are covered in fur. (AC +1)
You have tough skin. (AC +1)


Message History

You are now surrounded by a storm.
Unknown command.
Press < or > to pray at altars.
Found a dagger.
Okay, then.
Unknown command.
Found a stone staircase leading down.
e - 2 scrolls labelled FOUWET EKEBLERPH (gained 1)
You open the door.
There is an open door here.
Found Itsikuem's Assorted Antiques.
There is an entrance to Itsikuem's Assorted Antiques here.
f - a scroll labelled EROUGO TIUQESCH A frilled lizard comes into view.
The frilled lizard hisses angrily.
You claw the frilled lizard!
You kill the frilled lizard!
Qazlal accepts your kill.
No target in view!
Lugonu's wrath scatters you! Lugonu sends minions to punish you.
The divine experience confuses you!
You are confused.
A thrashing horror comes into view.
Unknown command.
It was a potion of attraction.
You feel attractive to monsters.
The thrashing horror roars!
The thrashing horror is pulled toward you!
The thrashing horror tramples you!
You are shoved backwards!
The thrashing horror roars!
The thrashing horror tramples you!
* * * LOW HITPOINT WARNING * * *
You hold your ground!
The thrashing horror tramples you.
* * * LOW HITPOINT WARNING * * *
You are shoved backwards!
The thrashing horror is pulled toward you!
You bump into the rock wall.
The thrashing horror roars!
The thrashing horror closely misses you.
The thrashing horror tramples you.
You die...

#.#.##............# ##.#
#.#......#.#####..# ##.
#.#..#.#...# #..# #.
#.#..#.##### #..# #.
...........#####..# #.
.....#.###........# ##.
#. .##..#.# #######.##
#>. #. .##..#.# #.# #.#
#. .##..#.#########@# #.#
#. .##.............X# #.#
#. ..#..###########.# #.#
#. .....#
##.########.######.
).#..##
###○..........††.....
.##...#
##.....#####.#########
.##.#.######.###....###.#
....#........# #........#
....#....###.###....#####


You could see a thrashing horror.

Vanquished Creatures
  A dart slug (D:1)
  An endoplasm (D:1)
  A goblin (D:1)
  3 hobgoblins (D:1)
  3 jackals (D:1)
  2 ball pythons (D:1)
  A bat (D:1)
  2 frilled lizards (D:1)
  A kobold (D:1)
  A rat (D:1)
16 creatures vanquished.

Notes
Turn   | Place    | Note
-------+----------+-------------------------------------------
     0 | Abyss:1  | Hector the Troll Abyssal Knight began the quest for the
                  | Orb.
     0 | Abyss:1  | Reached XP level 1. HP: 22/22 MP: 1/1
     1 | Abyss:1  | Found a corrupted altar of Lugonu.
     3 | Abyss:1  | Found a corrupted altar of Lugonu.
    58 | Abyss:1  | Noticed a large abomination
    58 | Abyss:1  | Noticed a thrashing horror
    59 | D:1      | Escaped the Abyss
   233 | D:1      | Reached XP level 2. HP: 29/29 MP: 2/2
   304 | D:1      | Reached skill level 3 in Unarmed Combat
   316 | D:1      | Reached * piety under Lugonu
   401 | D:1      | Found a faded altar of an unknown god.
   410 | D:1      | Fell from the grace of Lugonu
   410 | D:1      | Became a worshipper of Qazlal Stormbringer
   410 | D:1      | Reached * piety under Qazlal
   501 | D:1      | Found Itsikuem's Assorted Antiques.
   605 | D:1      | Noticed a thrashing horror
   608 | D:1      | Slain by a thrashing horror

Illustrated notes

Levels and vault maps discovered:
D:1:      dpeg_arrival_erosion, layout_loops_ring, serial_shops, shop,
          shapermc_ecumenical_altar_starsandcircs, grunt_decor_clamped

Skill      XL: |  1  2 |
---------------+-------+-----
Unarmed Combat | 3 |  3.2
Fighting       | |  2.4
Dodging        | |  1.9
Invocations    | |  1.5

Action                   || total
-------------------------++-------
Melee: Unarmed           ||    48
Invok: Depart the Abyss  ||     1
  Use: Potion            ||     1
Armor: Robe              ||    12
Dodge: Dodged            ||    23

Table legend: (Time is in decaauts)
 A = Elapsed time spent in this place.
 B = Non-inter-level travel time spent in this place.
 C = Inter-level travel time spent in this place.
 D = Time resting spent in this place.
 E = Time spent auto-exploring this place.
 F = Levels seen in this place.
 G = Mean time per level.
                   A        B        C        D        E       F      G
               +--------+--------+--------+--------+--------+-----+--------+
         Total |    606 |    606 |      0 |      0 |    503 |   2 |  303.0 |
       Dungeon |    547 |    547 |      0 |      0 |    445 |   1 |  547.0 |
         Abyss |     59 |     59 |      0 |      0 |     58 |   1 |   59.0 |
               +--------+--------+--------+--------+--------+-----+--------+

Top non-repeatable levels by time:
     D:1: 547 daAuts
 Abyss:1: 59 daAuts
